 Dungeon Crawl Stone Soup version 0.28.0 (webtiles) character file.

Game seed: 9359689538015828620

154 Sanktem7 the Chopper (level 5, -16/47 HPs)
             Began as a Minotaur Fighter on Feb 16, 2022.
             Killed from afar by Ijyb (38 damage)
             ... with a bolt of acid
             ... on level 3 of the Dungeon.
             The game lasted 00:02:38 (2439 turns).

Sanktem7 the Chopper (Minotaur Fighter)             Turns: 2439, Time: 00:02:38

Health: -16/47     AC:  3    Str: 23    XL:     5   Next: 13%
Magic:  4/4        EV:  9    Int:  5    God:
Gold:   92         SH:  4    Dex:  9    Spells: 4/4 levels left

rFire   . . .      SeeInvis .   a - +0 war axe
rCold   . . .      Faith    .   c - +0 buckler
rNeg    . . .      Spirit   .   b - +0 scale mail
rPois   +          Reflect  .   (helmet restricted)
rElec   .          Harm     .   (no cloak)
rCorr   .          Rampage  .   (no gloves)
Will    .....                   (no boots)
Stlth   ..........              (no amulet)
HPRegen 0.15/turn               p - ring of poison resistance
MPRegen 0.09/turn               (no ring)

@: corroded
A: horns 2, retaliatory headbutt
a: no special abilities


You were on level 3 of the Dungeon.
You visited 1 branch of the dungeon, and saw 3 of its levels.

You collected 92 gold pieces.

Inventory:

Hand Weapons
 a - a +0 war axe (weapon)
Armour
 b - a +0 scale mail (worn)
 c - a +0 buckler (worn)
Jewellery
 p - a ring of poison resistance (left hand)
Scrolls
 e - a scroll of magic mapping {unknown}
 f - a scroll of teleportation {unknown}
 i - a scroll of enchant armour {unknown}
 m - a scroll of enchant weapon {unknown}
 n - a scroll of torment
 o - a scroll of blinking {unknown}
 r - a scroll of amnesia {unknown}
Potions
 d - a potion of might
 g - a potion of cancellation {unknown}
 j - 2 potions of curing
 k - a potion of magic
 l - a potion of brilliance {unknown}
 q - a potion of attraction {unknown}
 s - a potion of degeneration


   Skills:
 + Level 4.3 Fighting
 + Level 5.0 Axes
 + Level 4.4 Armour
 + Level 0.4 Dodging
 + Level 4.0 Shields


You had 4 spell levels left.
You didn't know any spells.
Your spell library contained the following spells:

 Spells                   Type           Power      Damage    Failure   Level
 Summon Small Mammal      Summ           0%         N/A       86%         1
 Call Canine Familiar     Summ           0%         N/A       99%         3
 Summon Guardian Golem    Hex/Summ       0%         N/A       99%         3


Dungeon Overview and Level Annotations

Branches:
Dungeon (3/15)

Altars:

Annotations:
D:3 1 runed translucent door, Crazy Yiuf, Ijyb


Innate Abilities, Weirdness & Mutations

You have a pair of horns on your head.
You reflexively headbutt those who attack you in melee.


Message History

Found a stone staircase leading up.
You now have 92 gold pieces (gained 12).
There is a stone staircase leading up here.
A worm comes into view.
A worm is nearby!
A worm is nearby!
A worm is nearby!
You hit the worm. You headbutt the worm!
You kill the worm!
No target in view!
No target in view!
You see here a worm corpse.
Found a helmet.
Found a mace.
Found a runed translucent door.
Crazy Yiuf shouts!
Ijyb the Twisted Goblin comes into view.
She is wielding a +3 dagger of venom, wearing a +1 leather armour of willpower and carrying a wand of acid (8).
Ijyb shouts!
You hear a shout!
Ijyb is nearby!
Ijyb is nearby!
Ijyb is nearby!
An orc comes into view. It is wielding a +0 club.
The orc shouts!
Found a scroll of identify.
A quokka comes into view.
Ijyb zaps a wand.
The bolt of acid hits you!!
Ouch! That really hurt!
The acid corrodes you!
You are too injured to fight recklessly!
You are too injured to fight recklessly!
You are too injured to fight recklessly!
An orc comes into view. It is wielding a +0 flail.
Ijyb zaps a wand.
The bolt of acid misses you.
Ijyb zaps a wand.
The bolt of acid hits the orc!!
The acid corrodes the orc!
The orc dies!
The bolt of acid misses you.
Ijyb zaps a wand.
The bolt of acid hits the quokka!!
The quokka dies!
The bolt of acid hits you!!!
Ouch! That really hurt!
You die...

♣♣.♣ ....# ♣.♣♣ #....
♣♣.♣ #.... ♣♣.♣♣ #....
♣♣...♣ #.#.## ♣....♣
#....# ##..## # #....#
#....# # #.@.# #...## #
##.## #..## # #.# #.## #
#.# #.# # #####.# #.# #
###...)g#####.######## #
...r.................###
.o..#.........######....
......######### #....


You could see Ijyb.

Vanquished Creatures
  Natasha (thrice) (D:2)
  Robin (D:2)
  3 worms
  A bat (D:1)
  2 endoplasms (D:2)
  2 giant cockroaches (D:2)
  14 goblins
  8 hobgoblins
  5 kobolds
  3 quokkas
  6 ball pythons
  7 frilled lizards
  4 rats
59 creatures vanquished.

Vanquished Creatures (others)
  An orc (D:3)
  A quokka (D:3)
2 creatures vanquished.

Grand Total: 61 creatures vanquished

Notes
Turn   | Place    | Note
-------+----------+-------------------------------------------
     0 | D:1      | Sanktem7 the Minotaur Fighter began the quest for the Orb.
     0 | D:1      | Reached XP level 1. HP: 19/19 MP: 0/0
   362 | D:1      | Reached XP level 2. HP: 27/27 MP: 1/1
   686 | D:1      | Found a faded altar of an unknown god.
   987 | D:2      | Reached skill level 3 in Axes
  1013 | D:2      | Reached XP level 3. HP: 12/33 MP: 2/2
  1247 | D:2      | Noticed Robin
  1274 | D:2      | Killed Robin
  1467 | D:2      | Noticed Natasha
  1478 | D:2      | Killed Natasha
  1479 | D:2      | Reached skill level 4 in Axes
  1479 | D:2      | Reached XP level 4. HP: 25/40 MP: 3/3
  2017 | D:2      | Noticed Natasha
  2021 | D:2      | Killed Natasha
  2256 | D:2      | Noticed Natasha
  2262 | D:2      | Killed Natasha
  2263 | D:2      | Reached skill level 5 in Axes
  2263 | D:2      | Reached XP level 5. HP: 39/47 MP: 4/4
  2410 | D:3      | Found a runed translucent door.
  2411 | D:3      | Noticed Crazy Yiuf
  2431 | D:3      | Noticed Ijyb
  2439 | D:3      | Killed from afar by Ijyb

Illustrated notes

Levels and vault maps discovered:
D:1:      dpeg_chamrin_arrival_tetris, layout_basic, basic_ecumenical_altar,
          minmay_misc_feat_room
D:2:      layout_basic, st_stairs_4, minmay_misc_feat_enclosed,
          minmay_octomino_c4, uniq_robin, uniq_natasha
D:3:      layout_loops_ring, jmf_multi_god_temple2, serial_park_tiny_pond,
          minmay_misc_feat_more_columns, uniq_crazy_yiuf_cottage, uniq_ijyb

Skill      XL: |  1  2  3  4 |
---------------+-------------+-----
Fighting       | 4 |  4.3
Axes           | 3 4 5 |  5.0
Armour         | 4 |  4.4
Shields        | 4 |  4.0
Dodging        | |  0.4

Action                   |  1- 3 |  4- 6 || total
-------------------------+-------+-------++-------
Melee: War axe           |    82 |    29 ||   111
       Headbutt          |     6 |     6 ||    12
  Use: Scroll            |       |     4 ||     4
Armor: Scale mail        |    36 |     8 ||    44
Dodge: Dodged            |    40 |    15 ||    55
Block: Buckler           |    15 |     3 ||    18
